 Dungeon Crawl Stone Soup version 0.20.1-1-g8b1a95d (webtiles) character file.

12969 Irenicus the Basher (level 11, -12/166 HPs)
             Began as a Troll Chaos Knight on Oct 20, 2017.
             Mangled by Snorg (18 damage)
             ... on level 12 of the Dungeon.
             The game lasted 00:32:15 (8631 turns).

Irenicus the Basher (Troll Chaos Knight)            Turns: 8631, Time: 00:32:16

Health: -12/166    AC: 25    Str: 28 (29) XL:     11   Next: 69%
Magic:  5/8        EV:  1    Int:  9 (10) God:    Xom [..*...]
Gold:   998        SH:  0    Dex: 15 (18) Spells: 10/10 levels left

rFire    + . .     SeeInvis .   E - +1 flail (chaos)
rCold    + . .     Gourm    +   (no shield)
rNeg     + + +     Faith    .   (armour currently unavailable)
rPois    +         Spirit   .   (helmet currently unavailable)
rElec    +         Reflect  .   (cloak currently unavailable)
rCorr    +         Harm     .   (gloves unavailable)
MR       .....     NoTele   +   (boots unavailable)
Stlth    ++........             r - amulet of regeneration
Regen    1.2/turn               Z - +5 ring of strength
MPRegen  0.2/turn               C - ring of positive energy

@: tree-form, resistant, berserk cooldown, slowed, very slow
A: unfitting armour, thin skeletal structure 1, agile 2, clever 1, fast
metabolism 3, gourmand, low mp 1, mutation resistance 1, regeneration 1, strong
1, no potion heal 1, subdued magic 2
a: Renounce Religion


You were on level 12 of the Dungeon.
You worshipped Xom.
You were a toy of Xom.
You were not hungry.
You were a tree.
You visited 1 branch of the dungeon, and saw 12 of its levels.
You also visited: Ossuary.

You collected 998 gold pieces.

Inventory:

Hand Weapons
 E - a +1 flail of chaos (weapon)
 P - a cursed +0 giant spiked club
Armour
 O - a cursed +0 cloak (melded)
 U - a +2 robe of fire resistance
 W - the +2 robe of Lael Cis (melded) {rPois Slay+2}
   (You found it on level 10 of the Dungeon)

   It affects your accuracy and damage with ranged weapons and melee attacks
   (+2).
   It protects you from poison.
Jewellery
 a - an uncursed amulet of faith
 q - an uncursed ring of protection from magic
 r - an amulet of regeneration (around neck)
 x - an uncursed ring of protection from cold
 C - a ring of positive energy (right branch)
 D - a +2 ring of evasion
 K - an uncursed ring of resist corrosion
 R - an uncursed ring of fire
 Z - a +5 ring of strength (left branch)
Wands
 e - a wand of enslavement (7/24)
 k - a wand of digging (17/24)
 F - a wand of iceblast (9/15)
 I - a wand of acid (7/15)
 J - a wand of lightning (9/15)
 M - a wand of acid (9/15)
 Q - a wand of scattershot (1/9)
 Y - a wand of flame (29/48)
Scrolls
 d - 5 scrolls of enchant armour {unknown}
 j - 5 scrolls of teleportation
 m - 2 scrolls of recharging {unknown}
 n - 3 scrolls of magic mapping {unknown}
 o - 2 scrolls of noise {unknown}
 p - 6 scrolls of identify
 s - 3 scrolls of blinking {unknown}
 y - 8 scrolls of remove curse {unknown}
 B - a scroll of fear {unknown}
 G - 3 scrolls of fog {unknown}
 L - 3 scrolls of amnesia {unknown}
 N - 2 scrolls of brand weapon {unknown}
 T - a scroll of acquirement {unknown}
 V - a scroll of torment {unknown}
Potions
 b - 3 potions of agility
 f - a potion of lignification
 g - 2 potions of heal wounds
 l - a potion of degeneration
 t - a potion of mutation
 v - 9 potions of curing
 z - 4 potions of flight
 H - a potion of magic
 X - 2 potions of might
Comestibles
 c - 9 bread rations
 h - 4 royal jellies
 i - 6 meat rations
 A - 15 fruits


   Skills:
 - Level 8.0 Fighting
 - Level 14.0 Maces & Flails
 + Level 5.2 Dodging


You had 10 spell levels left.
You didn't know any spells.

Dungeon Overview and Level Annotations

Branches:
Dungeon (12/15)            Temple (0/1) D:5            Lair (0/6) D:8
    Orc (0/2) D:11

Altars:
Cheibriados
Dithmenos
Elyvilon
Makhleb
Nemelex Xobeh
Okawaru
Ru
Trog
Xom
Yredelemnul
The Shining One

Annotations:
D:12 Snorg


Innate Abilities, Weirdness & Mutations

You are too large for most types of armour.
((You have claws for hands.))
Your metabolism is lightning-fast.
You like to eat raw meat.
Your natural rate of healing is unusually fast.
((You are covered in fur. (AC +1)))
((You have very tough skin. (AC +2)))
You have a somewhat thin skeletal structure. (Dex +2, Stealth)
((You are partially covered in yellow scales. (AC +2)))
You are very agile. (Dex +4)
Your mind is acute. (Int +2)
((Your flesh is cold resistant. (rC+)))
Your magical capacity is low. (-10% MP)
You are somewhat resistant to further mutation.
Your muscles are strong. (Str +2)
Potions are less effective at restoring your health.
Your spells are easier to cast, but less powerful.


Message History

* * * LOW HITPOINT WARNING * * *
Your system partially rejects the healing.
You feel much better. Snorg bites you but does no damage.
Snorg claws you but does no damage. Snorg claws you.
* * * LOW HITPOINT WARNING * * *
Snorg bites you but does no damage. Snorg claws you but does no damage. x2
Evoke which item? (* to show all) (? for menu, Esc to quit)
Aiming: Scattershot (will waste charges)
Press: ? - help, Shift-Dir - straight line, f - Snorg
Aim: Snorg (heavily wounded, berserk, fast, unusually strong, poisoned)
The burst of metal fragments hits Snorg. x4
Snorg is almost dead.
Evoking this partially-identified wand wasted a few charges.
Snorg bites you!
* * * LOW HITPOINT WARNING * * *
Snorg claws you but does no damage. Snorg claws you!
* * * LOW HITPOINT WARNING * * *
Snorg bites you!!
You die...
Xom is highly amused!

* ,,,T.* ##+##### *,*****
#....# * ,* ######'#####
,,* ** *** #...T......# ,,
*,,, , #..........# , ,* *
.,,, #>.........# ,* *...
, ###..........# ,,*
**.....#####.'..........#
,,,.......♣T..#..........#
,* ***
.....################## ,
* *...,,* ** . , ** **


You could see Snorg (berserk).

Vanquished Creatures
  Josephine (D:10)
  Erica (D:9)
  A two-headed ogre (D:8)
  Nergalle (D:10)
  An unseen horror (D:10)
  The ghost of plantmann the Archer, a novice CeAM of Okawaru (D:6)
  A manticore (D:12)
  The ghost of NorthaanB the Insei, a novice OpTm of Ru (D:8)
  An ugly thing (D:8)
  Psyche (D:9)
  The ghost of NorthaanB the Cutter, a novice KoAs (D:3)
  A komodo dragon (shapeshifter) (D:10)
  2 trolls
  A hippogriff (D:12)
  A shadow (D:11)
  A spriggan (D:8)
  3 wraiths (D:10)
  A fire bat (D:7)
  2 hungry ghosts
  2 basilisks
  A swamp drake (D:8)
  A black bear (D:7)
  2 ice beasts
  4 sky beasts
  An eye of draining (D:8)
  3 orc warriors
  5 ogres
  6 phantoms
  A necrophage (D:8)
  4 centaurs
  2 crocodiles (D:8)
  A big kobold (D:8)
  A gnoll sergeant (D:6)
  6 bullfrogs
  A wyvern zombie (D:7)
  2 scorpions
  3 killer bees (D:7)
  4 wights (D:11)
  6 howler monkeys
  2 crimson imps (D:10)
  4 jellies
  2 quasits
  2 bullfrog zombies
  3 centaur skeletons
  7 orc priests
  A bullfrog skeleton (D:10)
  3 hounds
  7 orc wizards
  7 worker ants
  2 iguanas
  A big kobold zombie (Ossuary)
  A hound zombie (D:6)
  A hound skeleton (D:8)
  7 mummies (Ossuary)
  21 adders
  7 gnolls
  A river rat (shapeshifter) (D:6)
  3 shadow imps
  2 adder zombies (D:5)
  A worm zombie (D:5)
  3 worms
  4 dart slugs
  5 leopard geckos
  39 orcs
  12 ball pythons
  3 giant cockroaches
  4 gnoll zombies
  5 goblins
  10 hobgoblins
  16 jackals
  2 quokkas
  11 bats
  2 frilled lizards
  A goblin zombie (D:7)
  3 hobgoblin zombies (Ossuary)
  2 jackal skeletons
  15 kobolds
  A kobold zombie (Ossuary)
  8 rats
310 creatures vanquished.

Vanquished Creatures (collateral kills)
  A phantom (D:8)
  A sky beast (D:8)
  A jelly (D:10)
  A worker ant (D:7)
  A shadow imp (D:8)
  An adder zombie (D:10)
  3 orcs (D:9)
  A frilled lizard (D:5)
10 creatures vanquished.

Vanquished Creatures (others)
  A dancing weapon (D:9)
  A hungry ghost (D:9)
  An ogre (D:12)
  An orc wizard (D:4)
  A mummy (Ossuary)
5 creatures vanquished.

Grand Total: 325 creatures vanquished

Notes
Turn   | Place    | Note
-------+----------+-------------------------------------------
     0 | D:1      | Irenicus the Troll Chaos Knight began the quest for the Orb.
     0 | D:1      | Reached XP level 1. HP: 22/22 MP: 0/0
    84 | D:1      | Reached skill level 3 in Maces & Flails
   176 | D:1      | XOM: silly message
   258 | D:1      | Reached XP level 2. HP: 29/29 MP: 1/1
   330 | D:1      | XOM: silly message
   536 | D:1      | XOM: 3-stop teleportation journey
   916 | D:2      | Reached XP level 3. HP: 36/36 MP: 2/2
   923 | D:2      | XOM: god gift: scale mail {god gift}
   996 | D:2      | Reached skill level 4 in Maces & Flails
  1021 | D:2      | Found a sparkling altar of Nemelex Xobeh.
  1039 | D:2      | Reached XP level 4. HP: 38/44 MP: 3/3
  1335 | D:2      | Reached skill level 5 in Maces & Flails
  1338 | D:2      | Reached XP level 5. HP: 39/50 MP: 4/4
  1555 | D:3      | Noticed NorthaanB's ghost (novice KoAs)
  1579 | D:3      | Killed NorthaanB's ghost
  1579 | D:3      | Reached skill level 6 in Maces & Flails
  1579 | D:3      | Reached XP level 6. HP: 61/61 MP: 5/5
  1905 | D:3      | XOM: 1-stop teleportation journey
  2088 | D:3      | XOM: divination: detect items
  2279 | D:3      | XOM: harmless Tmut miscast
  2358 | D:3      | XOM: cloud trail
  2488 | D:4      | Reached skill level 7 in Maces & Flails
  2488 | D:4      | Reached XP level 7. HP: 60/67 MP: 6/6
  2521 | D:4      | XOM: noise
  2547 | D:4      | Found a shadowy altar of Dithmenos.
  2859 | D:4      | Found a snail-covered altar of Cheibriados.
  3289 | D:4      | XOM: give mutation
  3289 | D:4      | Gained mutation: Your spells are a little easier to cast, but a little less powerful. [Xom's mischief]
  3297 | D:4      | XOM: mild Pois miscast
  3445 | D:5      | Entered Level 5 of the Dungeon
  3456 | D:5      | Reached skill level 8 in Maces & Flails
  3461 | D:5      | XOM: mild Tmut miscast
  3578 | D:5      | XOM: confusion (+ monsters)
  3580 | D:5      | XOM: chaos upgrade
  3593 | D:5      | XOM: mild Tmut miscast
  3595 | D:5      | XOM: god gift: 25 gold pieces
  3615 | D:5      | Reached XP level 8. HP: 75/75 MP: 7/7
  3661 | D:5      | Found a staircase to the Ecumenical Temple.
  3687 | D:5      | Found an iron altar of Okawaru.
  3766 | D:5      | Reached skill level 9 in Maces & Flails
  3799 | D:5      | XOM: destruction
  3806 | D:5      | XOM: cast spell 'Call Canine Familiar'
  3924 | D:5      | Found a sand-covered staircase.
  3937 | Ossuary  | Entered an ossuary
  3971 | Ossuary  | XOM: potion effect (invisibility)
  4122 | Ossuary  | XOM: god gift: fruit
  4334 | D:5      | Found a sacrificial altar of Ru.
  4339 | D:5      | Reached skill level 10 in Maces & Flails
  4520 | D:6      | Noticed plantmann's ghost (novice CeAM)
  4528 | D:6      | XOM: enchant monster (good)
  4532 | D:6      | XOM: enchant monster (good)
  4537 | D:6      | Killed plantmann's ghost
  4542 | D:6      | Reached XP level 9. HP: 74/81 MP: 8/8
  4551 | D:6      | Reached skill level 11 in Maces & Flails
  4590 | D:6      | XOM: 2-stop teleportation journey
  4604 | D:6      | XOM: polymorph orc -> hound
  4630 | D:6      | XOM: summons 2 hostile shadow creatures
  4633 | D:6      | XOM: blink monster(s)
  4694 | D:6      | Gained mutation: Your magical capacity is low. (-10% MP) [mutagenic meat]
  4695 | D:6      | Gained mutation: Potions are less effective at restoring your health. [mutagenic meat]
  4696 | D:6      | Gained mutation: You are agile. (Dex +2) [mutagenic meat]
  4697 | D:6      | Gained mutation: You have a pair of small horns on your head. [mutagenic meat]
  4698 | D:6      | Gained mutation: You expend magic power (3 MP) to strengthen your wands. [mutagenic meat]
  4700 | D:6      | Gained mutation: Your spells are easier to cast, but less powerful. [mutagenic meat]
  4788 | D:6      | XOM: harmless Necr miscast
  4827 | D:6      | XOM: swap monsters
  4910 | D:6      | Found a shimmering altar of Xom.
  4957 | D:6      | Reached skill level 12 in Maces & Flails
  5231 | D:7      | XOM: harmless Ice miscast
  5255 | D:7      | XOM: fog
  5258 | D:7      | XOM: medium Tloc miscast
  5304 | D:7      | XOM: summons 3 friendly demons
  5306 | D:7      | XOM: divination: detect creatures
  5319 | D:7      | Gained mutation: Your magical capacity is very low. (-20% MP) [mutagenic meat]
  5320 | D:7      | Gained mutation: Your mind is acute. (Int +2) [mutagenic meat]
  5338 | D:7      | XOM: divination: detect creatures
  5389 | D:7      | Found a runed door.
  5389 | D:7      | XOM: 6-stop teleportation journey
  5486 | D:7      | Reached XP level 10. HP: 72/91 MP: 7/7
  5512 | D:7      | Found a basalt altar of Yredelemnul.
  5725 | D:8      | Noticed a green ugly thing
  5725 | D:8      | XOM: 2-stop teleportation journey
  5730 | D:8      | XOM: give mutations
  5730 | D:8      | Gained mutation: You have a somewhat thin skeletal structure. (Dex +2, Stealth) [Xom's grace]
  5730 | D:8      | Gained mutation: Your muscles are strong. (Str +2) [Xom's grace]
  5730 | D:8      | Gained mutation: You are partially covered in yellow scales. (AC +2) [Xom's grace]
  5758 | D:8      | Noticed Maurice
  5770 | D:8      | Reached skill level 13 in Maces & Flails
  5793 | D:8      | Noticed NorthaanB's ghost (novice OpTm)
  5806 | D:8      | Killed NorthaanB's ghost
  5944 | D:8      | Noticed Maurice
  5944 | D:8      | Maurice changed into Maurice the scorpion
  5944 | D:8      | XOM: polymorph Maurice -> Maurice the scorpion
  5948 | D:8      | Killed Maurice the scorpion
  6033 | D:8      | Noticed a two-headed ogre
  6049 | D:8      | Killed a two-headed ogre
  6152 | D:8      | Found a burning altar of Makhleb.
  6154 | D:8      | XOM: enchant monster (good)
  6187 | D:8      | Found a staircase to the Lair.
  6187 | D:8      | XOM: 1-stop teleportation journey
  6188 | D:8      | XOM: cleaving
  6195 | D:8      | XOM: cleaving
  6231 | D:8      | Reached skill level 14 in Maces & Flails
  6325 | D:8      | XOM: summons friendly shadow imp
  6334 | D:8      | XOM: cast spell 'Summon Dragon'
  6344 | D:8      | XOM: god gift: wand of scattershot (?/9) {god gift}
  6352 | D:8      | Killed a green ugly thing
  6530 | D:8      | XOM: give mutations
  6530 | D:8      | Gained mutation: You are very agile. (Dex +4) [Xom's grace]
  6530 | D:8      | Gained mutation: You are somewhat resistant to further mutation. [Xom's grace]
  6530 | D:8      | Gained mutation: Your flesh is cold resistant. (rC+) [Xom's grace]
  6791 | D:9      | Noticed Psyche
  6797 | D:9      | Killed Psyche
  6797 | D:9      | Reached skill level 5 in Fighting
  6849 | D:9      | Noticed Erica
  6881 | D:9      | Killed Erica
  6881 | D:9      | Reached XP level 11. HP: 37/105 MP: 7/7
  6996 | D:9      | Found an iron altar of Okawaru.
  7006 | D:9      | Found a glowing golden altar of the Shining One.
  7031 | D:9      | XOM: scenery: create altars
  7063 | D:9      | Found a white marble altar of Elyvilon.
  7138 | D:9      | XOM: scenery: create altars
  7160 | D:9      | XOM: god gift: weird smoking staff {god gift}
  7278 | D:9      | Found a bloodstained altar of Trog.
  7354 | D:10     | Entered Level 10 of the Dungeon
  7354 | D:10     | Noticed Nergalle
  7357 | D:10     | Killed Nergalle
  7465 | D:10     | XOM: polymorph eye of draining -> shapeshifter
  7470 | D:10     | XOM: summons 7 friendly demons
  7478 | D:10     | XOM: 9-stop teleportation journey
  7483 | D:10     | XOM: confuse monster(s)
  7503 | D:10     | Got a tattered robe
  7518 | D:10     | Identified the +2 robe of Lael Cis {rPois Slay+2} (You found it on level 10 of the Dungeon)
  7542 | D:10     | Noticed Josephine
  7548 | D:10     | XOM: divination: magic mapping
  7567 | D:10     | Killed Josephine
  7750 | D:10     | Killed an unseen horror
  8028 | D:11     | XOM: harmless Ice miscast
  8110 | D:11     | Found a staircase to the Orcish Mines.
  8461 | D:11     | XOM: harmless Conj miscast
  8513 | D:12     | Noticed an orc knight
  8515 | D:12     | XOM: 1-stop teleportation journey
  8556 | D:12     | XOM: smoke on damage
  8566 | D:12     | Reached skill level 5 in Dodging
  8575 | D:12     | Noticed Snorg
  8617 | D:12     | Lost mutation: Your magical capacity is very low. (-20% MP) [potion of mutation]
  8617 | D:12     | Lost mutation: You have a pair of small horns on your head. [potion of mutation]
  8617 | D:12     | Lost mutation: You expend magic power (3 MP) to strengthen your wands. [potion of mutation]
  8617 | D:12     | XOM: divination: magic mapping
  8621 | D:12     | XOM: cast spell 'Summon Ice Beast'
  8631 | D:12     | HP: 6/166 [Snorg (15)]
  8631 | D:12     | Mangled by Snorg

Skill      XL: |  1  2  3  4  5  6  7  8  9 10 11 |
---------------+----------------------------------+-----
Dodging        | 2 5 |  5.2
Maces & Flails | 3 4 5 6 7 8 10 12 14 | 14.0
Fighting       | 3 6 8 |  8.0

Action                   |  1- 3 |  4- 6 |  7- 9 | 10-12 || total
-------------------------+-------+-------+-------+-------++-------
Melee: Mace              |   124 |   175 |   140 |       ||   439
       Flail             |       |       |   361 |   349 ||   710
       Headbutt          |       |       |    24 |   107 ||   131
Evoke: Wand              |       |       |       |     3 ||     3
  Use: Potion            |       |       |     3 |    13 ||    16
       Scroll            |       |       |       |     4 ||     4
 Stab: Paralysed         |       |     8 |     3 |       ||    11
       Sleeping          |       |       |     3 |     9 ||    12
       Invisible         |       |       |     2 |       ||     2
       Confused          |       |       |     1 |     4 ||     5
       Petrified         |       |       |       |     3 ||     3
  Eat: Chunk             |     7 |    17 |    49 |    39 ||   112
       Fruit             |       |       |     2 |       ||     2
Armor: Robe              |   101 |    72 |   151 |   118 ||   442
       Skin              |       |       |    41 |     9 ||    50
Dodge: Dodged            |    83 |    81 |   209 |   146 ||   519
